 Dungeon Crawl Stone Soup version 0.25-a0-73-g9796ba8d15 (webtiles) character file.

Game seed: 16251307417331438365, levelgen mode: deterministic

136 Gargoyl the Skirmisher (level 4, -4/41 HPs)
             Began as a Draconian Abyssal Knight on Nov 5, 2019.
             Was a Believer of Lugonu.
             Slain by Purgy (7 damage)
             ... in a sewer.
             The game lasted 00:03:47 (2886 turns).

Gargoyl the Skirmisher (Draconian Abyssal Knight)   Turns: 2886, Time: 00:03:47

Health: -4/41      AC:  5    Str: 12 (15) XL:     4   Next: 98%
Magic:  5/5        EV: 13    Int:  9 (12) God:    Lugonu [**....]
Gold:   164        SH:  0    Dex:  9 (11) Spells: 3/3 levels left

rFire    . . .     SeeInvis .   a - +5 hand axe
rCold    . . .     Gourm    .   (no shield)
rNeg     . . .     Faith    .   (armour unavailable)
rPois    .         Spirit   .   (helmet restricted)
rElec    .         Reflect  .   (no cloak)
rCorr    .         Harm     .   (no gloves)
MR       .....                  (no boots)
Stlth    +.........             (no amulet)
HPRegen  0.13/turn              (no ring)
MPRegen  0.09/turn              (no ring)

@: flying
A: unfitting armour, hooves 1, horns 1, cold-blooded, MP-powered wands, AC +5
a: Depart the Abyss, Bend Space, Renounce Religion


You were in a sewer.
You worshipped Lugonu.
Lugonu was pleased with you.
You were not hungry.

You visited 1 branch of the dungeon, and saw 3 of its levels.
You visited the Abyss 1 time.
You also visited: Sewer.

You collected 164 gold pieces.

Inventory:

Hand Weapons
 a - a +5 hand axe (weapon)
Scrolls
 e - a scroll of enchant armour
 j - a scroll of identify
 k - a scroll of teleportation
Comestibles
 b - 11 rations


   Skills:
 + Level 4.4 Fighting
 + Level 2.8 Axes
 * Level 3.4 Dodging
 + Level 0.4 Stealth
 * Level 2.4 Invocations


You had 3 spell levels left.
You didn't know any spells.
Your spell library was empty.

Dungeon Overview and Level Annotations

Branches:
Dungeon (3/15)              Sewer (1/1)

Altars:
Dithmenos
Kikubaaqudgha
Okawaru
Trog

Annotations:
Sewer Purgy


Innate Abilities, Weirdness & Mutations

Your plain brown scales are hard. (AC +5)
You cannot fit into any form of body armour.
You are cold-blooded and may be slowed by cold attacks.
You have large cloven feet.
You have a pair of small horns on your head.
You expend magic power (3 MP) to strengthen your wands.


Message History

Purgy bites you.
* * * LOW HITPOINT WARNING * * *
Purgy claws you.
* * * LOW HITPOINT WARNING * * *
Purgy claws you.
* * * LOW HITPOINT WARNING * * *
You hit Purgy. You headbutt Purgy.
Purgy is almost dead.
Purgy barely misses you. Purgy claws you.
* * * LOW HITPOINT WARNING * * *
Purgy barely misses you. Purgy bites you but does no damage.
Purgy closely misses you. Purgy misses you.
You completely miss Purgy. You kick Purgy.
Purgy is almost dead.
Purgy closely misses you. Purgy barely misses you. Purgy completely misses you.
Unknown command.
You closely miss Purgy. You kick Purgy.
Purgy is almost dead.
Purgy bites you!
You die...

≈≈≈≈≈≈≈ ≈≈≈≈≈≈.##
≈≈≈≈≈≈≈..
≈≈≈≈≈≈≈.#######!
≈≈≈≈≈≈≈≈≈≈≈.≈≈≈≈
≈≈≈≈≈≈≈≈#######!
≈≈≈≈≈≈≈≈.# ≈≈≈≈≈≈≈T.#
≈≈≈≈≈≈≈@## ≈≈≈≈≈≈≈≈≈###
#≈≈≈≈≈≈≈≈≈≈### ##
#≈≈≈≈≈≈≈≈≈≈≈≈##### #.
#≈≈≈≈≈≈≈≈≈≈≈≈≈≈#.######.
###≈≈≈≈≈≈≈≈≈≈≈≈.≈#.##≈.≈
##≈≈≈≈≈≈≈≈≈≈≈≈≈≈.≈≈≈≈≈
##≈≈≈≈≈≈≈≈≈≈≈≈≈≈≈≈≈≈≈
###≈≈≈≈≈≈≈≈≈≈≈≈≈≈≈≈≈


You could see Purgy.

Vanquished Creatures
  2 river rats (D:3)
  2 adders
  An ufetubus (Abyss:2)
  An ooze (D:1)
  2 worms
  5 dart slugs (D:1)
  4 leopard geckos
  3 giant cockroaches
  3 goblins
  9 hobgoblins
  10 jackals
  A quokka (D:2)
  2 ball pythons (Sewer)
  5 bats
  7 frilled lizards
  5 kobolds
  8 rats
  A plant (D:1)
71 creatures vanquished.

Vanquished Creatures (others)
  A rat (D:1)
1 creature vanquished.

Grand Total: 72 creatures vanquished

Notes
Turn   | Place    | Note
-------+----------+-------------------------------------------
     0 | Abyss:1  | Gargoyl the Draconian Abyssal Knight began the quest for
                  | the Orb.
     0 | Abyss:1  | Reached XP level 1. HP: 19/19 MP: 2/2
    88 | Abyss:1  | Noticed an iron imp
    97 | Abyss:1  | Noticed a frost giant skeleton
   113 | Abyss:2  | Gained mutation: You have a pair of small horns on your
                  | head. [potion of mutation]
   113 | Abyss:2  | Gained mutation: You expend magic power (3 MP) to
                  | strengthen your wands. [potion of mutation]
   113 | Abyss:2  | Gained mutation: You have large cloven feet. [potion of
                  | mutation]
   189 | Abyss:2  | Found a corrupted altar of Lugonu.
   220 | Abyss:2  | Noticed a chaos spawn
   224 | Abyss:2  | Noticed a small abomination
   226 | D:1      | Escaped the Abyss
   447 | D:1      | Reached XP level 2. HP: 27/27 MP: 3/3
   673 | D:1      | Reached skill level 4 in Fighting
   869 | D:1      | Reached * piety under Lugonu
   950 | D:1      | Reached XP level 3. HP: 33/33 MP: 4/4
  1040 | D:1      | You fall into a shaft and drop 1 floor!
  1697 | D:2      | Found an ancient bone altar of Kikubaaqudgha.
  1698 | D:2      | Found an iron altar of Okawaru.
  1698 | D:2      | Found a bloodstained altar of Trog.
  1698 | D:2      | Found a shadowy altar of Dithmenos.
  1703 | D:2      | Reached XP level 4. HP: 37/41 MP: 5/5
  2055 | D:2      | Reached ** piety under Lugonu
  2505 | D:3      | Found a glowing drain.
  2524 | Sewer    | Entered a sewer
  2860 | Sewer    | Noticed Purgy
  2884 | Sewer    | HP: 2/41 [Purgy (3)]
  2886 | Sewer    | Slain by Purgy

Levels and vault maps discovered:
D:1:      wheals_arrival_linesprint, layout_rooms, serial_forest,
          infiniplex_forest_corner_2, infiniplex_forest_clump_medium,
          infiniplex_forest_clump_small, infiniplex_forest_clump_medium,
          infiniplex_forest_lined_3, infiniplex_forest_clump_small,
          infiniplex_forest_clump_C
D:2:      layout_basic, grunt_temple_overflow_open, first_ration
D:3:      layout_loops_ring, nicolae_overflow_hidden_temple,
          lemuel_doored_altar, portal_sewer_entry_a
Sewer:    sewer_co_purgy_island

Skill      XL: |  1  2  3 |
---------------+----------+-----
Fighting       | 4 |  4.4
Dodging        | 3 |  3.4
Axes           | |  2.8
Stealth        | |  0.4
Invocations    | |  2.4

Action                   |  1- 3 |  4- 6 || total
-------------------------+-------+-------++-------
Melee: Hand axe          |   112 |    77 ||   189
       Headbutt          |    17 |     6 ||    23
       Kick              |    24 |    10 ||    34
       Tailslap          |    14 |     4 ||    18
Invok: Depart the Abyss  |     1 |       ||     1
  Use: Scroll            |     6 |     9 ||    15
       Potion            |     1 |     5 ||     6
  Eat: Chunk             |     2 |     4 ||     6
Armor: Skin              |    36 |    38 ||    74
Dodge: Dodged            |    93 |    98 ||   191

Table legend:
 A = Non-vault XP
 B = Vault XP
 C = Vault XP percentage of total XP
 D = Non-vault monster count
 E = Vault monster count
 F = Vault count percentage of total count
                 A         B        C        D         E       F
            +---------+---------+-------+---------+---------+-------
      Total |     149 |      46 |  23.6 |      62 |       8 |  11.4
            +---------+---------+-------+---------+---------+-------
        D:1 |      68 |       0 |   0.0 |      28 |       0 |   0.0
        D:2 |      62 |       0 |   0.0 |      28 |       0 |   0.0
        D:3 |      11 |      27 |  71.1 |       5 |       2 |  28.6
    Abyss:2 |       8 |       0 |   0.0 |       1 |       0 |   0.0
      Sewer |       0 |      19 | 100.0 |       0 |       6 | 100.0
            +---------+---------+-------+---------+---------+-------
